 Dungeon Crawl Stone Soup version 0.20.1-1-g8b1a95d (webtiles) character file.

464 JackS81 the Chopper (level 6, -3/54 HPs)
             Began as a Deep Dwarf Gladiator on Aug 20, 2017.
             Was a Believer of Makhleb.
             Slain by fonas's ghost (6 damage)
             ... in a sewer.
             The game lasted 00:27:40 (2817 turns).

JackS81 the Chopper (Deep Dwarf Gladiator)          Turns: 2817, Time: 00:27:41

Health: -3/54      AC:  5    Str: 19    XL:     6   Next: 80%
Magic:  5/5        EV: 13    Int:  9    God:    Makhleb [**....]
Gold:   232        SH:  0    Dex: 14    Spells: 5/5 levels left

rFire    . . .     SeeInvis .   a - +0 war axe
rCold    . . .     Gourm    .   (no shield)
rNeg     + . .     Faith    +   b - +0 leather armour
rPois    .         Spirit   .   c - +1 helmet
rElec    .         Reflect  .   (no cloak)
rCorr    .         Harm     .   (no gloves)
MR       .....                  (no boots)
Stlth    +.........             K - amulet of faith
Regen    0.0/turn               q - ring of positive energy
MPRegen  0.1/turn               (no ring)

@: non-regenerating
A: damage resistance, heal wounds, sense surroundings 1, no regeneration
a: Heal Wounds, Minor Destruction, Renounce Religion


You were in a sewer.
You worshipped Makhleb.
Makhleb was pleased with you.
You were hungry.

You visited 1 branch of the dungeon, and saw 4 of its levels.
You also visited: Sewer.

You collected 232 gold pieces.

Inventory:

Hand Weapons
 a - a +0 war axe (weapon)
 i - a +0 hunting sling
 n - a +0 whip of venom
 E - a +0 trident
 G - a +0 shortbow
 J - a cursed -2 halberd
Missiles
 d - 2 throwing nets (quivered)
 k - 163 stones
 s - 43 arrows
 z - 2 needles of sleeping
 A - 54 bolts
Armour
 b - a +0 leather armour (worn)
 c - a +1 helmet (worn)
 t - a +0 plate armour
Jewellery
 q - a ring of positive energy (left hand)
 K - an amulet of faith (around neck)
Wands
 y - a wand of flame (40/48)
 C - a wand of flame (14/48)
 F - a wand of flame (13/48)
Scrolls
 e - 2 scrolls of remove curse
 l - 7 scrolls of identify
 m - 5 scrolls of teleportation
 o - 2 scrolls of enchant armour
 v - a scroll of magic mapping
 w - 3 scrolls of fear
 H - a scroll of silence {unknown}
Potions
 j - 3 potions of curing
 u - a potion of brilliance
 x - a potion of might
 B - a potion of haste
Books
 D - a book of Callings

   Spells                             Type                      Level
   a - Summon Small Mammal            Summoning                    1
   b - Call Imp                       Summoning                    2
   c - Call Canine Familiar           Summoning                    3
   d - Summon Guardian Golem          Hexes/Summoning              3
   e - Summon Lightning Spire         Summoning/Air                4
   f - Summon Ice Beast               Ice/Summoning                4
Comestibles
 f - 2 bread rations
 g - 4 fruits
 h - 4 royal jellies
 p - a meat ration


   Skills:
 + Level 2.3 Fighting
 * Level 7.9 Axes
 - Level 1.2(4.6) Maces & Flails
 - Level 1.0(1.8) Slings
 - Level 1.7(1.9) Throwing
 - Level 3.2 Dodging
 * Level 1.0 Invocations
 - Level 0.3 Evocations


You had 5 spell levels left.
You didn't know any spells.

Dungeon Overview and Level Annotations

Branches:
Dungeon (4/15)
 Temple: D:4-7

Altars:
Dithmenos
Kikubaaqudgha
Makhleb
Nemelex Xobeh
Trog
Uskayaw
Xom
The Shining One

Shops:
D:4 (

Annotations:
Sewer fonas's ghost, amateur GrFi


Innate Abilities, Weirdness & Mutations

You are resistant to damage.
You can heal yourself by infusing magical energy.
You passively map a small area around you.
You do not regenerate.


Message History

You hit the river rat but do no damage. Fonas's ghost closely misses you.
The river rat closely misses you.
You slash fonas's ghost!
Fonas's ghost is severely damaged.
You slash the river rat!
You kill the river rat!
Makhleb accepts your kill.
You feel better.
Your Invocations skill increases to level 1!
Fonas's ghost hits you.
You hit fonas's ghost but do no damage.
Fonas's ghost is severely damaged.
Fonas's ghost hits you.
* * * LOW HITPOINT WARNING * * *
You hit fonas's ghost.
Fonas's ghost is almost destroyed.
Fonas's ghost hits you!
* * * LOW HITPOINT WARNING * * *
Fonas's ghost hits you!
You die...

≈ ##≈≈....##....... ,
≈≈≈≈≈≈≈≈≈≈≈≈......... *
#≈≈≈≈≈≈≈≈≈≈≈r≈≈≈≈≈≈≈≈≈≈≈ ≈
≈#≈≈≈≈≈≈≈≈≈≈≈≈≈≈≈≈≈≈≈≈≈≈≈≈≈≈
#≈≈≈≈≈≈≈≈≈≈≈≈≈≈≈≈≈≈≈r≈≈≈≈≈≈≈
#≈≈≈≈≈≈≈≈≈≈≈≈≈≈≈≈≈≈≈≈≈≈≈≈≈≈
##≈≈≈≈≈≈≈≈≈≈≈≈≈≈≈.r...≈≈≈≈≈≈
≈
.#≈≈≈≈≈≈≈≈≈≈≈≈≈†.......≈≈≈≈≈
≈
.#≈≈≈≈≈≈≈≈≈...†W@...........
.)..........................
.#...............†.........#
,
.#...............##.......##
####..###...†..#####..##...#*
#### ##...######..##* #..
##### #∩..## # #####


You could see fonas's ghost and 3 rats.

Vanquished Creatures
  2 howler monkeys (D:4)
  An orc priest (D:4)
  A hound (D:4)
  Terence (D:3)
  3 gnolls (D:3)
  11 adders
  9 river rats
  An ooze (D:3)
  A worm (D:2)
  2 dart slugs
  3 leopard geckos
  7 orcs
  6 ball pythons
  4 giant cockroaches
  7 goblins
  6 hobgoblins
  12 kobolds
  5 bats
  3 frilled lizards
  14 rats
99 creatures vanquished.

Notes
Turn   | Place    | Note
-------+----------+-------------------------------------------
     0 | D:1      | JackS81 the Deep Dwarf Gladiator began the quest for the Orb.
     0 | D:1      | Reached XP level 1. HP: 19/19 MP: 1/1
    93 | D:1      | Reached XP level 2. HP: 16/26 MP: 2/2
   155 | D:1      | Reached skill level 4 in Axes
   415 | D:1      | Found a shimmering altar of Xom.
   659 | D:2      | Found a burning altar of Makhleb.
   667 | D:2      | Became a worshipper of Makhleb the Destroyer
   701 | D:2      | Reached XP level 3. HP: 17/32 MP: 3/3
   735 | D:2      | Found a shadowy altar of Dithmenos.
   768 | D:2      | Reached skill level 1 in Maces & Flails
  1033 | D:2      | Found a bloodstained altar of Trog.
  1100 | D:2      | Found a burning altar of Makhleb.
  1267 | D:3      | Found a glowing golden altar of the Shining One.
  1346 | D:3      | Reached skill level 5 in Axes
  1392 | D:3      | Noticed Terence
  1474 | D:3      | Reached XP level 4. HP: 22/39 MP: 4/4
  1546 | D:3      | Killed Terence
  1546 | D:3      | Reached skill level 1 in Slings
  1699 | D:3      | Reached * piety under Makhleb
  1856 | D:3      | Found an ancient bone altar of Kikubaaqudgha.
  1858 | D:3      | Reached XP level 5. HP: 44/45 MP: 5/5
  2094 | D:3      | Reached skill level 6 in Axes
  2170 | D:4      | Found a sparkling altar of Nemelex Xobeh.
  2240 | D:4      | Found a hide-covered altar of Uskayaw.
  2344 | D:4      | Reached skill level 7 in Axes
  2344 | D:4      | Reached XP level 6. HP: 24/52 MP: 6/6
  2447 | D:4      | Found Pojum's Antique Weapon Emporium.
  2574 | D:4      | Reached ** piety under Makhleb
  2664 | D:4      | Found a glowing drain.
  2670 | Sewer    | Entered a sewer
  2795 | Sewer    | Noticed fonas's ghost (amateur GrFi)
  2815 | Sewer    | Reached skill level 1 in Invocations
  2817 | Sewer    | Slain by fonas's ghost

Skill      XL: |  1  2  3  4  5  6 |
---------------+-------------------+-----
Axes           | 4 5 7 |  7.9
Maces & Flails | 1 |  1.2
Slings         | 1 |  1.0
Fighting       | 2 |  2.3
Invocations    | 1 |  1.0
Throwing       | |  1.7
Dodging        | |  3.2
Evocations     | |  0.3

Action                   |  1- 3 |  4- 6 || total
-------------------------+-------+-------++-------
Melee: War axe           |    70 |   204 ||   274
       Whip              |    17 |       ||    17
 Fire: Hunting sling     |    13 |     6 ||    19
Throw: Throwing net      |     5 |       ||     5
Invok: Minor Destruction |       |     1 ||     1
 Abil: Heal Wounds       |       |     5 ||     5
Evoke: Wand              |     2 |     6 ||     8
  Use: Potion            |     4 |     3 ||     7
       Scroll            |       |     8 ||     8
 Stab: Held in net/web   |     1 |       ||     1
       Sleeping          |     1 |       ||     1
  Eat: Chunk             |     2 |     4 ||     6
Armor: Leather armour    |    20 |    33 ||    53
Dodge: Dodged            |    76 |   173 ||   249
